 Dungeon Crawl Stone Soup version 0.19-a0-1007-g133f65f (webtiles) character file.

75 mistymad the Skirmisher (level 4, 0/37 HPs)
             Began as a Formicid Abyssal Knight on July 19, 2016.
             Was a Believer of Lugonu.
             Slain by a gnoll
             ... wielding a +0 spear
              (6 damage)
             ... on level 2 of the Dungeon.
             The game lasted 00:02:13 (1466 turns).

mistymad the Skirmisher (Formicid Abyssal Knight)   Turns: 1466, Time: 00:02:14

Health: 0/37       AC:  6    Str: 17    XL:     4   Next: 55%
Magic:  5/5        EV:  9    Int: 12    God:    Lugonu [**....]
Gold:   43         SH:  0    Dex: 10    Spells: 0 memorised, 3 levels left

rFire  . . .     SeeInvis +     a - +1 hand axe
rCold  . . .     Gourm    .     j - +0 scale mail
rNeg   . . .     Faith    .     (no shield)
rPois  .         Spirit   .     (helmet unavailable)
rElec  .         Dismiss  .     (no cloak)
rCorr  .         Reflect  .     (no gloves)
SustAt .         Harm     .     (no boots)
MR     .....                    (no amulet)
Stlth  ..........               (no ring)
                                (no ring)

@: not resistant to hostile enchantments, extremely unstealthy
A: permanent stasis, dig shafts and tunnels, four strong arms, antennae 3
a: Dig, Shaft Self, Depart the Abyss, Bend Space, Renounce Religion


You were on level 2 of the Dungeon.
You worshipped Lugonu.
Lugonu was pleased with you.
You were not hungry.

You visited 1 branch of the dungeon, and saw 2 of its levels.
You visited the Abyss 1 time.

You collected 43 gold pieces.

Inventory:

Hand Weapons
 a - a +1 hand axe (weapon)
Armour
 b - a +0 leather armour
 j - a +0 scale mail (worn)
Scrolls
 d - 2 scrolls of enchant armour {unknown}
 e - a scroll of fog {unknown}
 f - 2 scrolls of remove curse {unknown}
 h - 2 scrolls of teleportation {unknown}
 i - 3 scrolls of noise {unknown}
 l - a scroll of identify {unknown}
Potions
 g - a potion of mutation {unknown}
Comestibles
 c - a bread ration
 k - 8 chunks of flesh


   Skills:
 + Level 4.2 Fighting
 + Level 3.0 Axes
 + Level 3.2 Armour
 - Level 0.8 Dodging
 - Level 2.1 Invocations


You had 3 spell levels left.
You didn't know any spells.

Dungeon Overview and Level Annotations

Branches:
Dungeon (2/15)

Altars:


Innate Abilities, Weirdness & Mutations

You are under a permanent stasis effect.
You can dig through walls and to a lower floor.
Your four strong arms can wield two-handed weapons with a shield.
You have a pair of large antennae on your head. (SInv)


Message History

Lugonu accepts your kill.
Your Axes skill increases to level 3!
The gnoll closely misses you.
You hit the gnoll.
The gnoll is lightly wounded.
The gnoll hits you with a spear!
* * * LOW HITPOINT WARNING * * *
You take 8 damage, and have 6/37 hp.
MASSIVE DAMAGE!!
Unknown command.
You hit the gnoll.
The gnoll is moderately wounded.
The gnoll barely misses you.
You hit the gnoll.
The gnoll is heavily wounded.
The gnoll hits you but does no damage.
Unknown command.
You hit the gnoll.
The gnoll is almost dead.
The gnoll hits you with a spear.
You die...

######## #......#
#......# #......#
#).....# #......# ###
#......# #@##
##......# ##g#
........########.###
..........g...gg..>#
##......######.###.#
#......# #.# ...
#......######.########
##......##...........#
#......##.##.######.#


You could see a gnoll.

Vanquished Creatures
  An adder (D:2)
  3 gnolls (D:2)
  3 giant geckos
  3 bats
  A giant cockroach (D:2)
  4 goblins
  6 hobgoblins
  7 jackals
  A giant newt (D:1)
  A kobold (D:2)
30 creatures vanquished.

Notes
Turn   | Place    | Note
-------+----------+-------------------------------------------
     0 | Abyss:1  | mistymad the Formicid Abyssal Knight began the quest for the Orb.
     0 | Abyss:1  | Reached XP level 1. HP: 18/18 MP: 2/2
    28 | D:1      | Escaped the Abyss
   190 | D:1      | Reached XP level 2. HP: 20/24 MP: 3/3
   815 | D:2      | Reached XP level 3. HP: 29/29 MP: 4/4
   995 | D:2      | Reached ** piety under Lugonu
  1048 | D:2      | Reached skill level 4 in Fighting
  1295 | D:2      | Reached XP level 4. HP: 26/37 MP: 5/5
  1466 | D:2      | Slain by a gnoll

Vault maps used:
D:1:      dpeg_arrival_line_fractal, st_stairs_1
Abyss:1:  guppyfry_abyss_exit_spiral_guarded

Skill      XL: |  1  2  3  4 |
---------------+-------------+-----
Fighting       | 4 |  4.2
Armour         | 3 |  3.2
Axes           | 3 |  3.0
Dodging        | |  0.8
Invocations    | |  2.1

Action                   |  1- 3 |  4- 6 || total
-------------------------+-------+-------++-------
Melee: Hand axe          |   100 |    21 ||   121
 Abil: Dig               |     1 |     2 ||     3
  Eat: Chunk             |     1 |     1 ||     2
Armor: Leather armour    |    15 |       ||    15
       Scale mail        |    33 |     8 ||    41
Dodge: Dodged            |    54 |    13 ||    67
